Workbook
Name ColumnTitle1: #REF!
Name RowTitleRegion1..E2: #REF!

Sheet Home Office
A5: Corporate Home Office Expense Summary
A6: Client Name: | B6: Corporate name here
A7: Tax Year: | B7: Year end date here
A8: PREPARED BY CLIENT
A10: Home Office Info Needed:
A11: Total Square Footage of Home Office:
A12: Total Square Footage of House:
A13: Business Use Portion | C13: =C11/C12 -> #DIV/0!
A14: It is our option that any business use portion over 15% can put your princpal residence exemption at risk if you own your home.
A16: Home Office Expense Summary - No GST breakout
A17: Date | B17: Description | C17: Gas | D17: Electricity | E17: Insurance | F17: Repair & Maintenance | G17: Mortgage Interest | H17: Property Taxes | I17: Rent | J17: Water / Sewer | K17: Home Internet | L17: Strata
A39: Year to Date Total | C39: =SUM(C18:C38) -> 0 | D39: =SUM(D18:D38) -> 0 | E39: =SUM(E18:E38) -> 0 | F39: =SUM(F18:F38) -> 0 | G39: =SUM(G18:G38) -> 0 | H39: =SUM(H18:H38) -> 0 | I39: =SUM(I18:I38) -> 0 | J39: =SUM(J18:J38) -> 0 | L39: =SUM(L18:L38) -> 0

Sheet Cell Phone Expenses
A5: Small Business Receipt Summary Template
A6: Client Name: | B6: ='Home Office'!B6 -> Corporate name here
A7: Tax Year: | B7: ='Home Office'!B7 -> Year end date here
A8: PREPARED BY CLIENT
A10: Instructions
A11: If you are registered for GST the Receipt Total should include the GST while the supply amount (for example advertising) should exclude the GST. Please adjust any excel formulas as needed. GST must be the amount detailed on the receipt. If you do not have receipts do not enter GST into this workbook. Do not break out PST, LST, or any other state or provincial taxes.
A16: Cell Phone / Internet Useage Notes:
A17: Estimated % of Cell Phone Used for Business:
A18: CRA does not accept 100% useage as reasonable unless you have a second cell phone
A20: Operating Expense Summary
A21: Date | B21: Description | C21: Receipt Total | D21: GST (if registered) | E21: Cell Phone
A22: 43106 | B22: Example: Cell Phone with GST | C22: =SUM(D22:E22) -> 5 | D22: 5
C24: =SUM(D24:E24) -> 0 | D24: 0
C25: =SUM(D25:E25) -> 0 | D25: 0
C26: =SUM(D26:E26) -> 0 | D26: 0
C27: =SUM(D27:E27) -> 0 | D27: 0
C28: =SUM(D28:E28) -> 0 | D28: 0
C29: =SUM(D29:E29) -> 0 | D29: 0
C30: =SUM(D30:E30) -> 0 | D30: 0
C31: =SUM(D31:E31) -> 0 | D31: 0
C32: =SUM(D32:E32) -> 0 | D32: 0
C33: =SUM(D33:E33) -> 0 | D33: 0
C34: =SUM(D34:E34) -> 0 | D34: 0
C35: =SUM(D35:E35) -> 0 | D35: 0
... C48: =SUM(D48:E48) -> 0 | D48: 0
A49: Year to Date Total | C49: =SUM(C24:C48) -> 0 | D49: =SUM(D22:D48) -> 5

Sheet Mileage Instructions
A5: Mileage Logbook
A6: Client Name: | C6: ='Home Office'!C6 -> 0
A7: Tax Year: | C7: ='Home Office'!C7 -> 0
A8: PREPARED BY CLIENT
B10: Basic Instructions
B11: The following excel workbook contains a mileage logbook to help you track your business, rental, or employment driving. Please ensure you record your vehicle's odometers at the start and end of every year. This is used to calculate a percentage of vehicle useage that is deductible against your income taxes. You will also want to keep ALL your vehicle expenses. This includes your gas, repairs, insurance, licensing, and parking for the year. You will want to keep the total (both personal and business/employment/rental) costs associated with your driving. This ensures you get all available tax credits. Please remember that travel to and from the same location (i.e. an office or singular job site) on a consistent and regular basis is considered personal commuting and not tax deductible. Thank you for your interest in this mileage lobook. Although cumbersome it is recommended that a vehicle mileage logbook be maintained. CRA can deny any vehicle expenses without a bon-a-fide logbook and often do as this is a common area to review during an audit.

Sheet Mileage Log Book
A5: Mileage Logbook
A6: Client Name: | B6: ='Home Office'!B6 -> Corporate name here
A7: Tax Year: | B7: ='Home Office'!B7 -> Year end date here
A8: PREPARED BY CLIENT
A10: Vehicle Information Needed:
A11: Year, Make, and Model of Vehicle:
A12: Year / month purchased (estimate okay):
A13: Opening odometer (start of year/business/rental/employment)
A14: Year End odometer (end of year/business/rental/employment)
A16: Vehicle Mileage Logbook
A17: Date | B17: Purpose of Trip | C17: From | D17: To | E17: Total Business Kms | F17: Round Trip
A18: 44074 | B18: EXAMPLE: Trip to Accountant for Information Drop Off | C18: Home Office Address, City, and Postal Code | D18: Creekside Accounting: 225 - 1855 Kirschner Road, Kelowna, V1Y 4N7 | E18: 7 | F18: Yes
F30: Vehick
